 Dungeon Crawl Stone Soup version 0.29.1-15-g9cfb28693d (webtiles) character file.

Game seed: 16254267612679491299

1010 rakiston the Frost Mage (level 8, -2/78 HPs)
             Began as a Merfolk Ice Elementalist on Mar 7, 2023.
             Was a Follower of Vehumet.
             Succumbed to a gnoll sergeant's poison
             ... on level 6 of the Dungeon on Mar 8, 2023.
             The game lasted 00:38:15 (6268 turns).

rakiston the Frost Mage (Merfolk Ice Elementalist)  Turns: 6268, Time: 00:38:16

Health: -2/78      AC: 24    Str:  8    XL:     8   Next: 21%
Magic:  9/11       EV:  2    Int: 17    God:    Vehumet [*.....]
Gold:   415        SH:  0    Dex: 14    Spells: 3/11 levels left

rFire   . . .      SeeInvis .   u - +0 spear
rCold   . . .      Faith    .   (no shield)
rNeg    . . .      Spirit   .   (body armour currently unavailable)
rPois   +          Reflect  .   (helmet currently unavailable)
rElec   .          Harm     .   (cloak currently unavailable)
rCorr   .          Rampage  .   (gloves currently unavailable)
Will    .....      NoTele   +   (boots currently unavailable)
Stlth   ++........              (no amulet)
HPRegen 0.23/turn               h - ring of wizardry
MPRegen 0.12/turn               (no ring)

@: lethally poisoned (-2 -> -24), tree-form, freezing walls
A: stationary, stasis, torment immunity, boosted hp, (nimble swimmer 2),
(mertail)
a: Renounce Religion


You were on level 6 of the Dungeon.
You worshipped Vehumet.
Vehumet was aware of your devotion.
You were a tree.
You visited 2 branches of the dungeon, and saw 7 of its levels.
You also visited: Sewer.

You collected 415 gold pieces.

Inventory:

Hand Weapons
 i - a +0 halberd
 u - a +0 spear (weapon)
Missiles
 k - 5 poisoned darts (quivered)
 w - 8 boomerangs
Armour
 a - a +0 robe (melded)
 q - a +0 cloak (melded)
 x - a +0 pair of boots (melded)
Jewellery
 h - a ring of wizardry (left branch)
 m - a ring of flight
Wands
 t - a wand of polymorph (7)
Scrolls
 b - 2 scrolls of identify {unknown}
 c - 2 scrolls of noise {unknown}
 f - a scroll of amnesia {unknown}
 g - a scroll of fear
 j - a scroll of acquirement {unknown}
Potions
 d - a potion of lignification
 e - a potion of ambrosia
 l - a potion of berserk rage {unknown}
 n - a potion of attraction {unknown}
 o - 2 potions of curing {unknown}
 p - a potion of mutation {unknown}
 r - a potion of resistance {unknown}
 s - a potion of flight {unknown}
 v - a potion of invisibility {unknown}


   Skills:
 - Level 0.3 Polearms
 + Level 3.8 Dodging
 - Level 2.2 Stealth
 - Level 0.1 Unarmed Combat
 - Level 2.0 Spellcasting
 * Level 2.7 Conjurations
 - Level 10.0 Ice Magic
 - Level 0.2 Evocations


You had 3 spell levels left.
You knew the following spells:

 Your Spells              Type           Power      Damage    Failure   Level
a - Freeze                Ice            100%       1d11      1%          1
b - Frozen Ramparts       Ice            70%        1d11      1%          3
c - Hailstorm             Conj/Ice       23%        3d7       6%          4

Your spell library contained the following spells:

 Spells                   Type           Power      Damage    Failure   Level
 Foxfire                  Conj/Fire      24%        2x1d5     4%          1
 Ozocubu's Armour         Ice            35%        N/A       1%          3
 Beastly Appendage        Tmut           2%         N/A       8%          1
 Scorch                   Fire           2%         2d5       12%         2
 Wereblood                Tmut           1%         N/A       12%         2
 Portal Projectile        Hex/Tloc       2%         N/A       22%         3
 Spider Form              Tmut/Pois      1%         N/A       22%         3
 Tukima's Dance           Hex            1%         N/A       22%         3
 Flame Wave               Conj/Fire      6%         2d5       38%         4
 Passage of Golubria      Tloc           1%         N/A       56%         4
 Irradiate                Conj/Tmut      3%         3d12      73%         5
 Blade Hands              Tmut           0%         N/A       88%         5
 Yara's Violent Unravell  Hex/Tmut       0%         3d3       88%         5
 Summon Cactus Giant      Summ           0%         N/A       100%        6
 Dragon Form              Tmut           0%         N/A       100%        7


Dungeon Overview and Level Annotations

Branches:
Dungeon (6/15)             Temple (1/1) D:4           Sewer (visited)

Altars:
Dithmenos
Elyvilon
Gozag
Hepliaklqana
Kikubaaqudgha
Makhleb
Okawaru
Ru
Uskayaw
Vehumet
Wu Jian
Xom
Yredelemnul
Zin
The Shining One

Annotations:
D:3 Sigmund
D:4 2 runed translucent doors, hero57213's ghost, amateur MiFi


Innate Abilities, Weirdness & Mutations

You are a tree.
Your roots penetrate the ground, keeping you stationary.
You cannot be teleported.
You are immune to unholy pain and torment.
Your maximum health is greatly increased.
Your equipment is partially melded.
((You are very nimble when in or above water. (Stealth+, EV+, Speed+++)))
((Your lower body shifts to a powerful aquatic tail in water.))


Message History

You feel very sick.
The wall freezes the gnoll sergeant.
The gnoll sergeant hits you but does no damage.
You are lethally poisoned!
The wall freezes the gnoll.
The gnoll hits you with a +0 whip.
It was a potion of lignification.
You turn into a tree.
Your +0 cloak melds into your body.
Your +0 pair of boots melds into your body.
Your +0 robe melds into your body.
Your roots penetrate the ground.
* * * LOW HITPOINT WARNING * * *
You feel extremely sick.
The wall freezes the gnoll sergeant!
The gnoll sergeant barely misses you.
The wall freezes the gnoll but does no damage.
The gnoll hits you but does no damage.
The wall freezes the gnoll!
You kill the gnoll!
Vehumet accepts your kill.
You barely miss the gnoll.
* * * LOW HITPOINT WARNING * * *
You feel very sick.
The wall freezes the gnoll sergeant.
The gnoll sergeant hits you from afar with a +1 trident of venom.
* * * LOW HITPOINT WARNING * * *
The wall freezes the gnoll!
The gnoll hits you but does no damage.
The wall freezes the gnoll sergeant.
The gnoll sergeant hits you from afar with a +1 trident of venom.
* * * LOW HITPOINT WARNING * * *
Unknown command.
You barely miss the gnoll.
The gnoll is severely wounded.
* * * LOW HITPOINT WARNING * * *
You feel very sick.
The wall freezes the gnoll!
You kill the gnoll!
Vehumet accepts your kill.
The wall freezes the gnoll sergeant but does no damage.
The gnoll sergeant hits you but does no damage.
You are more poisoned.
You hit the gnoll.
The gnoll is moderately wounded.
You die...

#................####.#
<................#....#
#......<....#.####....#
#........)###.####....###
#.............##........#
#.........##...#........#
#.........# ##..........#
#.........###...)gg.....#
#########...#...♣#....###
#.....>.#...#.........#
#.......#...#...######## ###
........#...#...##.###8###8###
................###..........#
...............####..........#
.................##......#...#
...###########...#8......#...#
...# #...##........###


You could see a gnoll sergeant and a gnoll.

Vanquished Creatures
  Eustachio (D:5)
  A phantom (D:4)
  A bullfrog (Sewer)
  A necrophage (D:6)
  2 scorpions
  A howler monkey (D:6)
  3 hounds (D:5)
  An orc priest (D:6)
  A gnoll bouda (D:6)
  Jessica (D:2)
  An iguana (D:4)
  2 orc wizards (D:5)
  9 gnolls
  6 adders
  A shadow imp (D:5)
  An ufetubus (D:5)
  4 worms
  3 dart slugs
  9 orcs
  6 ball pythons
  6 endoplasms
  10 giant cockroaches
  7 goblins
  4 hobgoblins
  5 jackals
  7 quokkas
  3 bats
  10 frilled lizards
  5 kobolds
  4 rats
116 creatures vanquished.

Vanquished Creatures (others)
  A fungus (D:1)
  8 plants (D:6)
9 creatures vanquished.

Grand Total: 125 creatures vanquished

Notes
Turn   | Place    | Note
-------+----------+-------------------------------------------
     0 | D:1      | rakiston the Merfolk Ice Elementalist began the quest for
                  | the Orb.
     0 | D:1      | Reached XP level 1. HP: 13/13 MP: 3/3
   206 | D:1      | Reached XP level 2. HP: 19/19 MP: 1/5
   565 | D:1      | Reached skill level 5 in Ice Magic
   872 | D:1      | Found a faded altar of an unknown god.
  1227 | D:2      | Reached XP level 3. HP: 24/24 MP: 2/6
  1231 | D:2      | Learned a level 3 spell: Frozen Ramparts
  1620 | D:2      | Reached skill level 6 in Ice Magic
  1620 | D:2      | Reached XP level 4. HP: 27/30 MP: 4/7
  1669 | D:2      | Noticed Jessica
  1674 | D:2      | Killed Jessica
  2323 | D:3      | Noticed Sigmund
  2463 | D:3      | Found a glowing drain.
  2522 | Sewer    | Entered a sewer
  2561 | Sewer    | Reached XP level 5. HP: 35/35 MP: 5/8
  2598 | Sewer    | Reached skill level 7 in Ice Magic
  3325 | D:4      | Noticed a phantom
  3390 | D:4      | Killed a phantom
  3391 | D:4      | Reached skill level 8 in Ice Magic
  3391 | D:4      | Reached XP level 6. HP: 27/41 MP: 9/9
  3603 | D:4      | Found a runed translucent door.
  3605 | D:4      | Noticed hero57213's ghost (amateur MiFi)
  3622 | D:4      | Found a runed translucent door.
  4021 | D:4      | Found a staircase to the Ecumenical Temple.
  4026 | Temple   | Entered the Ecumenical Temple
  4026 | Temple   | Found a transporter.
  4026 | Temple   | Found a transporter.
  4028 | Temple   | Found a transporter.
  4028 | Temple   | Found a transporter.
  4068 | Temple   | Became a worshipper of Vehumet
  4150 | D:5      | Entered Level 5 of the Dungeon
  4249 | D:5      | Reached XP level 7. HP: 44/46 MP: 6/10
  4254 | D:5      | Reached skill level 9 in Ice Magic
  4332 | D:5      | Noticed Eustachio
  4381 | D:5      | Killed Eustachio
  5390 | D:5      | Reached skill level 10 in Ice Magic
  5395 | D:5      | Learned a level 4 spell: Hailstorm
  5840 | D:6      | Reached skill level 1 in Conjurations
  5918 | D:6      | Reached XP level 8. HP: 49/52 MP: 8/11
  5932 | D:6      | Reached * piety under Vehumet
  5932 | D:6      | Offered knowledge of Foxfire by Vehumet.
  6267 | D:6      | HP: 3/78 [poisoned by a gnoll sergeant]
  6268 | D:6      | Succumbed to a gnoll sergeant's poison

Illustrated notes

Levels and vault maps discovered:
D:1:      psy_arrival_whirlpool, layout_basic, shapermc_ecumenical_altar_ellora
D:2:      layout_basic, minmay_ruptured, uniq_jessica
D:3:      layout_basic, cheibrodos_sewer_entry_bend,
          chequers_serial_rivers_small_b, uniq_sigmund
D:4:      layout_loops_ring, temple_doors_ab, ebering_ghost_sewer_f,
          nicolae_figureground_sparkle
D:5:      layout_basic, minmay_misc_feat_ornament, chequers_arboretum,
          minivault_4, uniq_eustachio
D:6:      layout_basic, chequers_hall_statues_corner_a, serial_bayou_ford_a
Temple:   hellmonk_temple_divided_pantheon

Skill      XL: |  1  2  3  4  5  6  7  8 |
---------------+-------------------------+-----
Ice Magic      | 5 6 8 10 | 10.0
Conjurations   | 1 2 |  2.7
Dodging        | 3 |  3.8
Polearms       | |  0.3
Stealth        | |  2.2
Unarmed Combat | |  0.1
Spellcasting   | |  2.0
Evocations     | |  0.2

Action                   |  1- 3 |  4- 6 |  7- 9 || total
-------------------------+-------+-------+-------++-------
Melee: Unarmed           |     1 |     8 |       ||     9
       Spear             |       |     7 |    64 ||    71
       Punch             |       |       |     1 ||     1
Throw: Dart              |       |       |     1 ||     1
 Cast: Freeze            |    46 |    71 |     4 ||   121
       Frozen Ramparts   |     1 |    14 |    21 ||    36
Evoke: Wand              |       |     6 |       ||     6
  Use: Scroll            |       |     3 |     3 ||     6
       Potion            |       |     3 |     5 ||     8
Armor: Robe              |     4 |    15 |    11 ||    30
       Skin              |       |       |     3 ||     3
Dodge: Dodged            |    10 |    36 |    35 ||    81
